 Dungeon Crawl Stone Soup version 0.27-a0-1532-gca18f49f40 (webtiles) character file.

Game seed: 8951116848785027714

413 DrKleor the Skirmisher (level 6, -4/48 HPs)
             Began as a Demonspawn Fighter on July 9, 2021.
             Was an Initiate of Cheibriados.
             Slain by Menkaure (19 damage)
             ... on level 4 of the Dungeon on July 12, 2021.
             The game lasted 00:12:49 (4518 turns).

DrKleor the Skirmisher (Demonspawn Fighter)         Turns: 4518, Time: 00:12:50

Health: -4/48      AC:  6    Str: 19    XL:     6   Next: 59%
Magic:  6/6        EV:  7    Int: 10    God:    Cheibriados [......]
Gold:   319        SH:  9    Dex: 16    Spells: 5/5 levels left

rFire    . . .     SeeInvis .   u - +0 dagger
rCold    . . .     Faith    .   c - +0 kite shield
rNeg     . . .     Spirit   .   b - +0 scale mail
rPois    .         Reflect  .   (no helmet)
rElec    .         Harm     .   (no cloak)
rCorr    .         Rampage  .   (no gloves)
Will     .....                  (no boots)
Stlth    ++........             (no amulet)
HPRegen  0.16/turn              (no ring)
MPRegen  0.10/turn              (no ring)

@: very slow
A: hooves 1, thin skeletal structure 1, ignite blood 1, powered by pain 1
a: Renounce Religion, Bend Time


You were on level 4 of the Dungeon.
You worshipped Cheibriados.
Cheibriados was noncommittal.
You visited 1 branch of the dungeon, and saw 4 of its levels.

You collected 319 gold pieces.

Inventory:

Hand Weapons
 a - a +0 war axe
 u - a +0 dagger (weapon)
Missiles
 f - 57 poisoned darts (quivered)
Armour
 b - a +0 scale mail (worn)
 c - a +0 kite shield (worn)
Jewellery
 q - an amulet of magic regeneration
 t - a ring of resist corrosion
Scrolls
 g - 9 scrolls of identify {unknown}
 h - a scroll of amnesia {unknown}
 i - a scroll of holy word {unknown}
 j - a scroll of teleportation {unknown}
 l - a scroll of vulnerability {unknown}
 n - a scroll of noise {unknown}
 s - a scroll of magic mapping {unknown}
Potions
 d - a potion of might
 e - a potion of haste {unknown}
 k - a potion of degeneration {unknown}
 m - a potion of lignification
 o - a potion of mutation {unknown}
 p - 2 potions of berserk rage {unknown}
 r - a potion of invisibility {unknown}


   Skills:
 - Level 4.1 Fighting
 + Level 2.8 Short Blades
 - Level 3.0 Axes
 - Level 2.1 Throwing
 - Level 2.6 Armour
 + Level 3.1 Stealth
 - Level 2.6 Shields


You had 5 spell levels left.
You didn't know any spells.
Your spell library contained the following spells:

 Spells                   Type           Power      Damage    Failure   Level
 Poisonous Vapours        Pois/Air       0%         N/A       100%        2
 Mephitic Cloud           Conj/Pois/Air  0%         N/A       100%        3
 Stone Arrow              Conj/Erth      0%         3d7       100%        3
 Animate Armour           Summ/Erth      0%         N/A       100%        4
 Freezing Cloud           Conj/Ice/Air   0%         6-21      100%        5
 Lehudib's Crystal Spear  Conj/Erth      0%         10d2      100%        8


Dungeon Overview and Level Annotations

Branches:
Dungeon (4/15)
 Temple: D:4-7

Altars:
Cheibriados
Qazlal
Wu Jian
Xom
Zin

Annotations:
D:4 Menkaure


Innate Abilities, Weirdness & Mutations

You have large cloven feet.
You have a somewhat thin skeletal structure. (Dex +2, Stealth+)
Your demonic aura sometimes causes spilled blood to erupt in flames.
You sometimes gain a little power by taking damage.


Message History

You are poisoned.
The adder poisons you!
You hit the adder but do no damage.
The adder is severely wounded.
You feel sick. The adder bites you but does no damage.
You hit the adder. You kick the adder, but do no damage.
The adder is almost dead.
You feel sick. The adder bites you. The adder bites you but does no damage.
You barely miss the adder. Your kick misses the adder.
The adder is almost dead.
You feel sick. The adder barely misses you.
You hit the adder.
You kill the adder!
Cheibriados thoroughly appreciates the change of pace.
You feel sick.
You feel sick.
Menkaure gestures at you while chanting.
You barely resist.
You see here an adder corpse.
You feel sick.
You are no longer poisoned.
Menkaure barely misses you.
You hit Menkaure but do no damage. You kick Menkaure.
Menkaure is lightly damaged.
You barely miss Menkaure.
Menkaure is lightly damaged.
Menkaure hits you!!
You hit Menkaure. Your kick misses Menkaure.
Menkaure is moderately damaged.
You block Menkaure's attack.
You hit Menkaure but do no damage. Your kick misses Menkaure.
Menkaure is moderately damaged.
Menkaure's bandages flutter.
Menkaure casts a spell.
Menkaure seems to speed up.
Unknown command.
You hit Menkaure but do no damage. You kick Menkaure, but do no damage.
Menkaure is moderately damaged.
Menkaure hits you!!
You die...

#M... ##.... #### #..S..
...# #..... #.## #..... #.#
#.....
#.######.....##############
...............M@.†......>#
#.#######################.#
#....<# #.# ##############
#####.# # #.....# #.....# #
#.....# #.##### # #.....#
#.# # #.....########.# #
#####.....##.......#


You could see Menkaure (fast).

Vanquished Creatures
  An ogre (D:3)
  A scorpion (D:2)
  A bullfrog (D:3)
  A hound (D:4)
  7 adders
  A howler monkey skeleton (D:3)
  2 worms (D:2)
  7 dart slugs
  7 orcs
  13 ball pythons
  6 bats
  10 endoplasms
  2 giant cockroaches (D:2)
  2 goblins (D:3)
  15 hobgoblins
  2 jackals (D:3)
  6 kobolds
  4 quokkas
  3 frilled lizards
  9 rats
100 creatures vanquished.

Vanquished Creatures (others)
  A hobgoblin (D:3)
1 creature vanquished.

Grand Total: 101 creatures vanquished

Notes
Turn   | Place    | Note
-------+----------+-------------------------------------------
     0 | D:1      | DrKleor the Demonspawn Fighter began the quest for the Orb.
     0 | D:1      | Reached XP level 1. HP: 18/18 MP: 1/1
   217 | D:1      | Gained mutation: Your demonic aura sometimes causes spilled
                  | blood to erupt in flames. [demonic ancestry]
   217 | D:1      | Reached XP level 2. HP: 24/24 MP: 2/2
   573 | D:1      | Reached skill level 1 in Throwing
   942 | D:2      | Found an ornate altar of the Wu Jian Council.
   948 | D:2      | Gained mutation: You sometimes gain a little power by
                  | taking damage. [demonic ancestry]
   948 | D:2      | Reached XP level 3. HP: 29/29 MP: 3/3
  1616 | D:2      | Gained mutation: You have a somewhat thin skeletal
                  | structure. (Dex +2, Stealth+) [demonic ancestry]
  1616 | D:2      | Reached XP level 4. HP: 31/37 MP: 4/4
  1755 | D:2      | Noticed a scorpion
  1767 | D:2      | Killed a scorpion
  1768 | D:2      | Reached skill level 4 in Fighting
  2197 | D:3      | Found a shimmering altar of Xom.
  2197 | D:3      | Noticed a bullfrog
  2217 | D:3      | Gained mutation: You have large cloven feet. [demonic
                  | ancestry]
  2217 | D:3      | Reached XP level 5. HP: 36/42 MP: 5/5
  2240 | D:3      | Reached skill level 1 in Short Blades
  2240 | D:3      | Reached skill level 1 in Stealth
  2806 | D:3      | Noticed an ogre
  2810 | D:3      | HP: 1/42 [ogre (20)]
  2813 | D:3      | Killed an ogre
  2814 | D:3      | Reached XP level 6. HP: 2/48 MP: 6/6
  3237 | D:3      | Found a faded altar of an unknown god.
  3505 | D:3      | Found a snail-covered altar of Cheibriados.
  3526 | D:3      | Became a worshipper of Cheibriados the Contemplative
  3621 | D:4      | HP: 3/72 [orc (2)]
  3622 | D:4      | HP: 1/72 [poisoned by an adder]
  3628 | D:4      | HP: 2/72 [orc (1)]
  3951 | D:4      | Upgraded the game from 0.27-a0-1513-g2aaa0cc67b to
                  | 0.27-a0-1532-gca18f49f40
  4394 | D:4      | Found a stormy altar of Qazlal.
  4492 | D:4      | Noticed Menkaure
  4518 | D:4      | Slain by Menkaure

Illustrated notes

Levels and vault maps discovered:
D:1:      matt_arrival_grand_opening, layout_basic
D:2:      cheibrodos_helix_gallery, layout_loops_corners, basic_altar
D:3:      minmay_evil_eye, layout_loops_ring, xom_confusion_cloud,
          mainiacjoe_overflow_swirl, shapermc_ecumenical_altar_mp_vishouse,
          st_stairs_1
D:4:      layout_basic, amcnicky_altar_gilded, uniq_menkaure

Skill      XL: |  1  2  3  4  5  6 |
---------------+-------------------+-----
Axes           | 2 3 |  3.0
Throwing       | 1 2 |  2.1
Fighting       | 4 |  4.1
Short Blades   | 2 |  2.8
Stealth        | 2 3 |  3.1
Armour         | |  2.6
Shields        | |  2.6

Action                   |  1- 3 |  4- 6 || total
-------------------------+-------+-------++-------
Melee: Short sword       |   165 |   122 ||   287
       War axe           |     5 |       ||     5
       Kick              |       |    50 ||    50
       Dagger            |       |    72 ||    72
Throw: Dart              |       |    10 ||    10
  Use: Potion            |       |     1 ||     1
 Stab: Sleeping          |       |     3 ||     3
Armor: Scale mail        |    69 |    81 ||   150
       Skin              |       |    21 ||    21
Dodge: Dodged            |    31 |    67 ||    98
Block: Kite shield       |    76 |   115 ||   191

Table legend: (Time is in decaauts)
 A = Elapsed time spent in this place.
 B = Non-inter-level travel time spent in this place.
 C = Inter-level travel time spent in this place.
 D = Time resting spent in this place.
 E = Time spent auto-exploring this place.
 F = Levels seen in this place.
 G = Mean time per level.
                   A        B        C        D        E       F      G
               +--------+--------+--------+--------+--------+-----+--------+
         Total |   4706 |   4632 |     74 |   1454 |   2208 |   4 | 1176.5 |
       Dungeon |   4706 |   4632 |     74 |   1454 |   2208 |   4 | 1176.5 |
               +--------+--------+--------+--------+--------+-----+--------+

Top non-repeatable levels by time:
     D:3: 1364 daAuts
     D:2: 1279 daAuts
     D:4: 1137 daAuts
     D:1: 925 daAuts
